 Dungeon Crawl Stone Soup version 0.28-a0-1518-gbe868bca14 (webtiles) character file.

Game seed: 9433932316914859146

146 knot the Chopper (level 5, 21/61 HPs)
             Began as a Demonspawn Berserker on Jan 17, 2022.
             Was a Believer of Trog.
             Quit the game on level 3 of the Dungeon.
             The game lasted 00:01:58 (2908 turns).

knot the Chopper (Demonspawn Berserker)             Turns: 2908, Time: 00:01:59

Health: 21/61      AC:  6    Str: 18    XL:     5   Next: 7%
Magic:  5/5        EV: 11    Int: 10    God:    Trog [**....]
Gold:   83         SH:  0    Dex: 12    Spells: 4/4 levels left

rFire   . . .      SeeInvis .   p - +0 war axe
rCold   . . .      Faith    .   (no shield)
rNeg    . . .      Spirit   .   j - +0 ring mail
rPois   .          Reflect  .   (no helmet)
rElec   .          Harm     .   (no cloak)
rCorr   .          Rampage  .   (no gloves)
Will    ++...                   g - +0 pair of boots
Stlth   ..........              (no amulet)
HPRegen 1.20/turn               (no ring)
MPRegen 0.09/turn               (no ring)

@: berserking, strong-willed, regenerating, very quick
A: hooves 1, ignite blood 1
a: Renounce Religion, Berserk, Trog's Hand


You were on level 3 of the Dungeon.
You worshipped Trog.
Trog was pleased with you.
You visited 1 branch of the dungeon, and saw 3 of its levels.

You collected 83 gold pieces.

Inventory:

Hand Weapons
 p - a +0 war axe (weapon)
Missiles
 c - 116 stones (quivered)
 d - 64 sling bullets
 l - 2 poisoned darts
Armour
 g - a +0 pair of boots (worn)
 j - a +0 ring mail (worn)
Scrolls
 b - a scroll of enchant armour {unknown}
 e - a scroll of amnesia {unknown}
 f - a scroll of teleportation {unknown}
 k - a scroll of vulnerability {unknown}
 n - 3 scrolls of immolation {unknown}
Potions
 h - 2 potions of heal wounds {unknown}
 i - a potion of curing {unknown}
 m - a potion of resistance {unknown}
 o - a potion of experience {unknown}


   Skills:
 - Level 3.0 Fighting
 + Level 5.3 Axes
 - Level 1.7 Armour
 - Level 1.7 Dodging


You had 4 spell levels left.
You didn't know any spells.
Your spell library was empty.

Dungeon Overview and Level Annotations

Branches:
Dungeon (3/15)

Altars:

Shops:
D:1 *   D:3 ?


Innate Abilities, Weirdness & Mutations

You have large cloven feet.
Your demonic aura sometimes causes spilled blood to erupt in flames.


Message History

The orc priest is moderately wounded.
You hit the orc but do no damage.
The orc priest mumbles some strange prayers to Beogh against you.
Pain shoots through your body! The orc hits you but does no damage.
The orc priest hits you with a +0 club.
There are monsters nearby!
Unknown command.
Your skin crawls.
You feel strong-willed.
The orc priest calls down the wrath of Beogh upon you.
Beogh smites you! The orc hits you but does no damage.
The orc priest hits you but does no damage.
A red film seems to cover your vision as you go berserk!
You feel yourself moving faster!
You feel mighty! The orc closely misses you.
The orc priest hits you with a +0 club.
You are too injured to fight recklessly!
You are too injured to fight recklessly!
You are too injured to fight recklessly!
You hit the orc priest.
The orc priest is heavily wounded.
You closely miss the orc. You slash the orc!
You kill the orc!
Trog accepts your kill.
You hit the orc priest.
The orc priest hits you with a +0 short sword.
The orc misses you.
You slash the orc priest!
You kill the orc priest!
Trog accepts your kill.
You slash the orc!
You kill the orc!
Trog accepts your kill.
You hit the orc priest. You closely miss the orc priest.
The orc priest hits you with a +0 club.
An orc wizard comes into view. It is wielding a +0 dagger.
The orc priest closely misses you.
You have reached level 5!
Your demonic ancestry asserts itself...
Your blood heats up.
Are you sure you want to abandon this character and quit the game? (Confirm with "yes".)

#.# ###### #.# #....#
#.###### #....#
####......# #....#
#....####.# ####....##
#....# ##.# o.......#
#....# #..# #.o)).#
#....# #..#
####.)@o.####....###.##
........................
#######....#############
#.....# ####### #
#.....## #.....# #
#......###.....# #
######.#.......# #
#.........# #
##........# #


You could see 2 orc priests and an orc wizard.

Vanquished Creatures
  An orc priest (D:3)
  3 adders
  4 gnolls (D:2)
  2 worms
  3 orcs
  4 ball pythons
  5 bats
  An endoplasm (D:1)
  A giant cockroach (D:1)
  4 goblins
  2 hobgoblins (D:1)
  3 jackals (D:1)
  A quokka (D:1)
  6 frilled lizards
  3 kobolds
  7 rats
50 creatures vanquished.

Notes
Turn   | Place    | Note
-------+----------+-------------------------------------------
     0 | D:1      | knot the Demonspawn Berserker began the quest for the Orb.
     0 | D:1      | Reached XP level 1. HP: 18/18 MP: 1/1
   230 | D:1      | Reached skill level 3 in Axes
   388 | D:1      | Found Piephoble's General Store.
   397 | D:1      | Gained mutation: You have large cloven feet. [demonic
                  | ancestry]
   397 | D:1      | Reached XP level 2. HP: 16/24 MP: 2/2
   740 | D:1      | Found a faded altar of an unknown god.
  1505 | D:2      | Reached XP level 3. HP: 28/29 MP: 3/3
  1606 | D:2      | Reached skill level 4 in Axes
  1982 | D:2      | Reached XP level 4. HP: 29/35 MP: 4/4
  2588 | D:3      | Reached ** piety under Trog
  2734 | D:3      | Found Yrchohol's Magic Scroll Shop.
  2890 | D:3      | Reached skill level 5 in Axes
  2908 | D:3      | Gained mutation: Your demonic aura sometimes causes spilled
                  | blood to erupt in flames. [demonic ancestry]
  2908 | D:3      | Reached XP level 5. HP: 21/41 MP: 5/5
  2908 | D:3      | Quit the game

Illustrated notes

Levels and vault maps discovered:
D:1:      minmay_arrival_diagonal_passages, layout_rooms,
          nicolae_ecumenical_snake_handling, serial_shops, shop
D:2:      layout_loops_cross
D:3:      layout_basic, serial_shops, nicolae_square_shop

Skill      XL: |  1  2  3  4 |
---------------+-------------+-----
Axes           | 3 4 5 |  5.3
Fighting       | |  3.0
Armour         | |  1.7
Dodging        | |  1.7

Action                   |  1- 3 |  4- 6 || total
-------------------------+-------+-------++-------
Melee: Hand axe          |   103 |     9 ||   112
       War axe           |       |    34 ||    34
       Punch             |       |     1 ||     1
Invok: Berserk           |     2 |     1 ||     3
       Trog's Hand       |       |     1 ||     1
Armor: Animal skin       |    11 |       ||    11
       Skin              |     5 |       ||     5
       Ring mail         |    20 |    17 ||    37
       Leather armour    |     1 |       ||     1
Dodge: Dodged            |    70 |    23 ||    93

Table legend: (Time is in decaauts)
 A = Elapsed time spent in this place.
 B = Non-inter-level travel time spent in this place.
 C = Inter-level travel time spent in this place.
 D = Time resting spent in this place.
 E = Time spent auto-exploring this place.
 F = Levels seen in this place.
 G = Mean time per level.
                   A        B        C        D        E       F      G
               +--------+--------+--------+--------+--------+-----+--------+
         Total |   2946 |   2815 |    131 |    966 |   1511 |   3 |  982.0 |
       Dungeon |   2946 |   2815 |    131 |    966 |   1511 |   3 |  982.0 |
               +--------+--------+--------+--------+--------+-----+--------+

Top non-repeatable levels by time:
     D:1: 1437 daAuts
     D:2: 1164 daAuts
     D:3: 344 daAuts
